 Dungeon Crawl Stone Soup version 0.31-a0-246-g8cbcc1cb85 (webtiles) character file.

Game seed: 17986785686319260648

59 qw the Shooter (level 3, -10/30 HPs)
             Began as a Minotaur Hexslinger on July 12, 2023.
             Killed from afar by a steam dragon (15 damage)
             ... with a ball of steam
             ... on level 3 of the Dungeon.
             The game lasted 00:00:39 (1881 turns).

qw the Shooter (Minotaur Hexslinger)                Turns: 1881, Time: 00:00:39

Health: -10/30     AC:  3    Str: 12    XL:     3   Next: 78%
Magic:  3/3        EV: 12    Int: 10    God:
Gold:   123        SH:  0    Dex: 14    Spells: 3/4 levels left

rFire   . . .        b - +0 orcbow
rCold   . . .        (shield currently unavailable)
rNeg    . . .        d - +0 leather armour
rPois   .            (helmet restricted)
rElec   .            (no cloak)
rCorr   .            (no gloves)
SInv    .            (no boots)
Will    .....        (no amulet)
Stlth   +            (no ring)
HPRegen 0.25/turn    (no ring)
MPRegen 0.08/turn

%: no passive effects
@: no status effects
A: horns 2, retaliatory headbutt
a: no special abilities


You were on level 3 of the Dungeon.
You visited 1 branch of the dungeon, and saw 3 of its levels.

You collected 123 gold pieces.


Innate Abilities, Weirdness & Mutations

You have a pair of horns on your head.
You reflexively headbutt those who attack you in melee.


   Skills:
 - Level 2.6 Fighting
 + Level 4.0 Ranged Weapons
 - Level 2.1 Dodging
 - Level 1.0 Spellcasting
 - Level 2.0 Hexes


You had 3 spell levels left.
You knew the following spells:

 Your Spells              Type           Power      Damage    Failure   Level
a - Slow                  Hex            16%        N/A       19%         1

Your spell library contained the following spells:

 Spells                   Type           Power      Damage    Failure   Level
 Inner Flame              Hex/Fire       2%         N/A       65%         3
 Portal Projectile        Hex/Tloc       4%         N/A       65%         3
 Cause Fear               Hex            2%         N/A       88%         4

Inventory:

Hand Weapons
 b - a +0 orcbow (weapon)
Armour
 d - a +0 leather armour (worn)
Scrolls
 e - a scroll of identify
 f - 2 scrolls of teleportation
Potions
 a - a potion of curing {unknown}
 c - a potion of degeneration {unknown}
 g - a potion of mutation {unknown}
 h - 2 potions of heal wounds
 i - a potion of enlightenment

Dungeon Overview and Level Annotations

Branches:
Dungeon (3/15)

Altars:
Ashenzari


Message History

You shoot an arrow. The steam dragon hisses angrily.
The arrow hits the steam dragon!
The steam dragon is moderately wounded.
You shoot an arrow.
The arrow closely misses the steam dragon.
You shoot an arrow.
The arrow barely misses the steam dragon.
You shoot an arrow. The arrow hits the steam dragon.
The steam dragon is moderately wounded.
The steam dragon bites you! The steam dragon misses you. x2
You furiously retaliate!
You headbutt the steam dragon. The steam dragon completely misses you.
You shoot an arrow.
The arrow closely misses the steam dragon.
The steam dragon misses you. The steam dragon closely misses you.
You shoot an arrow.
The arrow closely misses the steam dragon.
The steam dragon closely misses you. x2
You shoot an arrow. The arrow hits the steam dragon.
The steam dragon is heavily wounded.
The steam dragon bites you but does no damage.
The steam dragon barely misses you. x2
The steam dragon claws you but does no damage.
You shoot an arrow.
The arrow closely misses the steam dragon.
The steam dragon bites you! The steam dragon claws you.
You shoot an arrow.
The arrow hits the steam dragon but does no damage.
The steam dragon is heavily wounded.
The steam dragon breathes steam at you. The ball of steam misses you.
You shoot an arrow.
The arrow closely misses the steam dragon.
You are engulfed in a cloud of scalding steam.
The steam dragon bites you! The steam dragon barely misses you.
The steam dragon breathes steam at you. The ball of steam hits you!
Ouch! That really hurt!
You die...

### .....
######## .....
#......#
......
#.####.#
......###.#
#.#
....[...#.#
#¤#
......#.#.#
#¤#
#.........#
#@#
#######.###
#D# #.# #.#
#.#### #.#
#....# #.#
####.# ...
############.#
###
.............#
....>#########


You could see a steam dragon (catching breath).

Vanquished Creatures
  An adder (D:2)
  A worm (D:2)
  A dart slug (D:3)
  5 orcs (D:3)
  6 endoplasms
  2 goblins
  3 hobgoblins
  2 jackals (D:2)
  3 quokkas
  2 ball pythons
  2 bats (D:1)
  3 frilled lizards
  3 kobolds
  3 rats
37 creatures vanquished.

Notes
Turn   | Place    | Note
-------+----------+-------------------------------------------
     0 | D:1      | qw the Minotaur Hexslinger began the quest for the Orb.
     0 | D:1      | Reached XP level 1. HP: 16/16 MP: 1/1
     0 | D:1      | 0 ||| qw: Version: 0.3-a-52-g30416fa
     0 | D:1      | 0 ||| qw: Game counter: 6487
     0 | D:1      | 0 ||| qw: Melee chars always use a shield: true
     0 | D:1      | 0 ||| qw: God list: Okawaru
     0 | D:1      | 0 ||| qw: Allow faded altars: false
     0 | D:1      | 0 ||| qw: Do Orc after clearing Dungeon:15 true
     0 | D:1      | 0 ||| qw: Do second Lair branch before Depths: true
     0 | D:1      | 0 ||| qw: Lair rune preference: random
     0 | D:1      | 0 ||| qw: Goals: Normal
     0 | D:1      | 0 ||| PLANNING D:1-11
   320 | D:1      | Reached skill level 3 in Ranged Weapons
   340 | D:1      | Reached XP level 2. HP: 23/23 MP: 2/2
   622 | D:1      | 622 ||| UPGRADING to +0 leather armour.
   632 | D:1      | 632 ||| DROPPING +0 robe.
   633 | D:1      | 633 ||| READING scroll labelled GUFAACW QOYNO.
   634 | D:1      | 634 ||| READING 2 scrolls labelled DEEMOS IWKU.
   637 | D:1      | 637 ||| DRINKING 2 lumpy puce potions.
   638 | D:1      | 638 ||| DROPPING scroll of poison.
   917 | D:2      | Reached XP level 3. HP: 30/30 MP: 3/3
  1509 | D:2      | 1509 ||| DROPPING amulet of magic regeneration.
  1510 | D:2      | 1510 ||| READING scroll labelled ZIOZAU ERES.
  1511 | D:2      | 1511 ||| READING scroll labelled IFRENK GYAS.
  1512 | D:2      | 1512 ||| DRINKING 2 cyan potions.
  1513 | D:2      | 1513 ||| READING 2 scrolls of identify.
  1513 | D:2      | 1513 ||| IDENTIFYING bubbling brown potion
  1514 | D:2      | 1514 ||| DROPPING potion of attraction.
  1557 | D:3      | 1557 ||| FLEEEEING.
  1572 | D:3      | Found a broken altar of Ashenzari.
  1812 | D:3      | 1812 ||| SWAPPING to +0 orcbow.
  1813 | D:3      | 1813 ||| DROPPING +1 sling.
  1822 | D:3      | Reached skill level 4 in Ranged Weapons
  1871 | D:3      | Noticed a steam dragon
  1881 | D:3      | HP: 5/30 [steam dragon (9)]
  1881 | D:3      | Killed from afar by a steam dragon

Levels and vault maps discovered:
D:1:      minmay_arrival_widening_spiral_narrow, layout_rooms
D:2:      wander_river, layout_loops_corners, minmay_misc_feat_cross
D:3:      layout_basic, marbit_many_paths, amethyst_overflow_temple_binary,
          uniq_sigmund

Skill      XL: |  1  2  3 |
---------------+----------+-----
Ranged Weapons | 3 4 |  4.0
Fighting       | 2 |  2.6
Dodging        | |  2.1
Spellcasting   | |  1.0
Hexes          | |  2.0

Action                     || total
---------------------------++-------
   Fire: Sling             ||   124
         Orcbow            ||    17
    Use: Scroll            ||     5
         Potion            ||     2
 Armour: Robe              ||    10
         Leather armour    ||     8
  Dodge: Dodged            ||    40

Table legend:
 A = Non-vault XP
 B = Vault XP
 C = Vault XP percentage of total XP
 D = Non-vault monster count
 E = Vault monster count
 F = Vault count percentage of total count
                 A         B        C        D         E       F
            +---------+---------+-------+---------+---------+-------
      Total |      81 |       4 |   4.7 |      36 |       1 |   2.7
            +---------+---------+-------+---------+---------+-------
        D:1 |      17 |       0 |   0.0 |      11 |       0 |   0.0
        D:2 |      39 |       0 |   0.0 |      14 |       0 |   0.0
        D:3 |      25 |       4 |  13.8 |      11 |       1 |   8.3
            +---------+---------+-------+---------+---------+-------
